 Dungeon Crawl Stone Soup version 0.26-b1-32-g5d43845318 (webtiles) character file.

Game seed: 11130254193303807017

109 Borgoz the Cudgeller (level 4, -1/28 HPs)
             Began as a Gargoyle Gladiator on Jan 10, 2021.
             Slain by Grinder (6 damage)
             ... on level 3 of the Dungeon.
             The game lasted 00:02:45 (2059 turns).

Borgoz the Cudgeller (Gargoyle Gladiator)           Turns: 2059, Time: 00:02:46

Health: -1/28      AC:  9    Str: 18    XL:     4   Next: 89%
Magic:  4/4        EV: 13    Int:  8    God:
Gold:   147        SH:  0    Dex: 12    Spells: 3/3 levels left

rFire    . . .     SeeInvis +   l - +1 mace (venom)
rCold    . . .     Faith    .   (no shield)
rNeg     + . .     Spirit   .   b - +0 leather armour
rPois    ∞         Reflect  .   v - +1 helmet {SInv}
rElec    +         Harm     .   r - +0 cloak
rCorr    .         Rampage  .   (no gloves)
Will     .....                  (no boots)
Stlth    +.........             (no amulet)
HPRegen  0.09/turn              (no ring)
MPRegen  0.09/turn              (no ring)

@: brilliant, flying
A: negative energy resistance 1, electricity resistance, unbreathing,
petrification resistance, miasma immunity, AC +3
a: no special abilities


You were on level 3 of the Dungeon.
You visited 1 branch of the dungeon, and saw 3 of its levels.

You collected 147 gold pieces.

Inventory:

Hand Weapons
 l - a +1 mace of venom (weapon)
Armour
 b - a +0 leather armour (worn)
 r - a +0 cloak (worn)
 v - a +1 helmet of see invisible (worn)
Wands
 u - a wand of flame (17)
Scrolls
 e - 11 scrolls of identify {unknown}
 g - 2 scrolls of fear {unknown}
 h - a scroll of fog {unknown}
 i - 4 scrolls of magic mapping {unknown}
 j - 2 scrolls of amnesia {unknown}
 k - 4 scrolls of enchant armour {unknown}
 n - a scroll of blinking {unknown}
 o - 2 scrolls of remove curse {unknown}
 q - a scroll of teleportation {unknown}


   Skills:
 + Level 3.0 Fighting
 * Level 4.1 Maces & Flails
 - Level 1.7 Throwing
 * Level 3.4 Dodging


You had 3 spell levels left.
You didn't know any spells.
Your spell library was empty.

Dungeon Overview and Level Annotations

Branches:
Dungeon (3/15)

Altars:
Sif Muna
Uskayaw
Wu Jian

Annotations:
D:3 Grinder


Innate Abilities, Weirdness & Mutations

You are resistant to torment.
Your stone body is resilient. (AC +3)
You are immune to poison.
You resist negative energy. (rN+)
You are resistant to electric shocks. (rElec)
You can survive without breathing.
You are immune to petrification.
You are immune to miasma.


Message History

Grinder gestures at you.
You suddenly lose the ability to move!
Grinder says, "Mostly I couldn't keep them alive."
Grinder gestures at you.
You shrug off the repeated paralysis!
Grinder gestures at you.
You shrug off the repeated paralysis!
Grinder hits you but does no damage. Grinder gestures at you.
Pain shoots through your body!
* * * LOW HITPOINT WARNING * * *
You can move again.
Throw: throwing net
Press: ? - help, Q - select action, (/) - cycle Shift-Dir - straight line, f/p - Grinder
Aim: Grinder, carrying a wand of flame (14) (lightly wounded)
You throw a throwing net. The throwing net barely misses Grinder.
You hit Grinder.
Grinder is poisoned.
Grinder is lightly wounded.
Grinder hits you.
You die...

#.# #.#(#
#.#.# #.#.#
#.#.# #.#)#
#.#)# #†#)#
#@#)# #5#)#
######.#)#
.......(.[#
.##########


You could see Grinder (very poisoned).

Vanquished Creatures
  An orc wizard (D:3)
  Robin (D:3)
  2 adders (D:3)
  A dart slug (D:2)
  2 orcs (D:3)
  7 bats
  2 giant cockroaches (D:2)
  13 goblins
  7 hobgoblins
  A ball python (D:2)
  3 frilled lizards
  3 kobolds (D:2)
  5 rats
48 creatures vanquished.

Notes
Turn   | Place    | Note
-------+----------+-------------------------------------------
     0 | D:1      | Borgoz the Gargoyle Gladiator began the quest for the Orb.
     0 | D:1      | Reached XP level 1. HP: 12/12 MP: 1/1
   198 | D:1      | Reached XP level 2. HP: 4/18 MP: 2/2
  1084 | D:2      | Reached XP level 3. HP: 22/22 MP: 3/3
  1473 | D:3      | Found a shimmering blue altar of Sif Muna.
  1473 | D:3      | Found a hide-covered altar of Uskayaw.
  1473 | D:3      | Found an ornate altar of the Wu Jian Council.
  1692 | D:3      | Reached XP level 4. HP: 17/27 MP: 4/4
  1938 | D:3      | Noticed Robin
  1950 | D:3      | Reached skill level 4 in Maces & Flails
  1957 | D:3      | Killed Robin
  2004 | D:3      | Noticed Grinder
  2009 | D:3      | Paralysed by Grinder for 3 turns
  2012 | D:3      | Gained mutation: You are weak. (Str -2) [potion of
                  | mutation]
  2012 | D:3      | Lost mutation: You are weak. (Str -2) [potion of mutation]
  2053 | D:3      | Paralysed by Grinder for 4 turns
  2059 | D:3      | Slain by Grinder

Illustrated notes

Levels and vault maps discovered:
D:1:      lightli_arrival_isolated_outpost, layout_loops_ring
D:2:      layout_basic
D:3:      layout_loops_ring, chequers_temple_overflow_statue_of_worship,
          kennysheep_generic_room_16, uniq_grinder, uniq_crazy_yiuf_cottage,
          uniq_robin

Skill      XL: |  1  2  3  4 |
---------------+-------------+-----
Dodging        | 3 |  3.4
Fighting       | 3 |  3.0
Maces & Flails | 4 |  4.1
Throwing       | |  1.7

Action                   |  1- 3 |  4- 6 || total
-------------------------+-------+-------++-------
Melee: Flail             |    27 |       ||    27
       Mace              |    60 |    42 ||   102
Throw: Throwing net      |     2 |     3 ||     5
  Use: Potion            |       |     6 ||     6
 Stab: Sleeping          |     1 |       ||     1
Armor: Leather armour    |    49 |    16 ||    65
       Skin              |       |     6 ||     6
Dodge: Dodged            |    73 |    26 ||    99
